 Dungeon Crawl Stone Soup version 0.26-a0-707-g31817bcca1 (webtiles) character file.

Game seed: 15293504506247649193

146 lunkers the Chiller (level 5, 0/31 HPs)
             Began as an Octopode Ice Elementalist on Oct 26, 2020.
             Slain by an ogre
             ... wielding a +0 giant spiked club
              (31 damage)
             ... on level 4 of the Dungeon.
             The game lasted 00:04:04 (3866 turns).

lunkers the Chiller (Octopode Ice Elementalist)     Turns: 3866, Time: 00:04:06

Health: 0/31       AC:  1    Str:  7    XL:     5   Next: 28%
Magic:  8/9        EV: 14    Int: 25    God:
Gold:   215        SH:  0    Dex: 18    Spells: 3/10 levels left

rFire    + . .     SeeInvis .   k - +4 dagger
rCold    . . .     Faith    .   (no shield)
rNeg     . . .     Spirit   .   (helmet restricted)
rPois    .         Reflect  .   e - amulet of magic regeneration
rElec    .         Harm     .   m - ring of protection from fire
rCorr    .         Rampage  .   n - +6 ring of intelligence
MR       .....                  p - +6 ring of dexterity
Stlth    +++.......             (no ring)
HPRegen  0.10/turn              (no ring)
MPRegen  0.36/turn              (no ring)
                                (no ring)
                                (no ring)

@: no status effects
A: almost no armour, stealthy swim, amphibious, 8 rings, constrict 8, camouflage
1, gelatinous body 1
a: no special abilities


You were on level 4 of the Dungeon.
You visited 1 branch of the dungeon, and saw 4 of its levels.

You collected 215 gold pieces.

Inventory:

Hand Weapons
 h - a +0 short sword
 k - a +4 dagger (weapon)
Jewellery
 e - an amulet of magic regeneration (around mantle)
 m - a ring of protection from fire (left tentacle)
 n - a +6 ring of intelligence (right tentacle)
 p - a +6 ring of dexterity (on tentacle)
 s - an uncursed amulet of reflection {unknown}
Wands
 o - a wand of acid (9)
 q - a wand of polymorph (5)
 t - a wand of digging (3)
Scrolls
 a - 3 scrolls of noise {unknown}
 b - a scroll of enchant weapon {unknown}
 c - a scroll of fear {unknown}
 d - 8 scrolls of identify {unknown}
 f - a scroll of amnesia {unknown}
 g - 3 scrolls of remove curse {unknown}
 i - 2 scrolls of fog {unknown}
 j - 2 scrolls of teleportation {unknown}
Potions
 l - a potion of mutation {unknown}
 r - a potion of flight {unknown}
 u - a potion of curing {unknown}
 v - a potion of ambrosia {unknown}
 w - a potion of brilliance {unknown}


   Skills:
 - Level 2.0 Dodging
 - Level 2.6 Stealth
 + Level 3.2 Spellcasting
 * Level 5.7 Ice Magic


You had 3 spell levels left.
You knew the following spells:

 Your Spells              Type           Power        Failure   Level
a - Freeze                Ice            ####         1%          1
b - Frozen Ramparts       Ice            ####..       2%          3
c - Ozocubu's Armour      Ice            ####....     2%          3

Your spell library contained the following spells:

 Spells                   Type           Power        Failure   Level
 Hailstorm                Conj/Ice       ###.....     30%         4
 Summon Ice Beast         Ice/Summ       ###.....     30%         4


Dungeon Overview and Level Annotations

Branches:
Dungeon (4/15)
 Temple: D:4-7

Altars:
Kikubaaqudgha
Ru
Yredelemnul

Annotations:
D:3 2 transporters, Menkaure


Innate Abilities, Weirdness & Mutations

You cannot wear most types of armour.
You are very stealthy in the water. (Stealth+)
You are amphibious.
You can wear up to eight rings at the same time.
You can use your tentacles to constrict eight enemies at once.
Your skin changes colour to match your surroundings (Stealth+).
Your rubbery body absorbs attacks. (AC +1, EV +1)


Message History

No target in view!
No target in view!
No target in view!
No target in view!
No target in view!
No target in view!
Found a stone staircase leading down.
There is a stone staircase leading down here.
A worker ant comes into view.
A worker ant is nearby!
An ogre comes into view. It is wielding a +0 giant spiked club.
The ogre shouts!
The ogre completely misses you.
Casting: Freeze (safe; 1% risk of failure)
Confirm with . or Enter, or press ? or * to list all spells.
You freeze the ogre!
The ogre is heavily wounded.
The ogre hits you with a +0 giant spiked club!!
Ouch! That really hurt!
You die...

#.#####.
#.......
###..... ###
#.#### #..##
#.# ...#
########.#
B.#
#....>...#
##.#
#.########
#####@.###.#
#...O......#
#.###########


You could see an ogre.

Vanquished Creatures
  An orc priest (D:3)
  Terence (D:2)
  Robin (D:1)
  3 adders
  A leopard gecko (D:3)
  2 orcs (D:3)
  2 giant cockroaches
  11 goblins
  10 hobgoblins
  9 kobolds
  2 quokkas
  A bat (D:1)
  3 frilled lizards
  3 rats
50 creatures vanquished.

Notes
Turn   | Place    | Note
-------+----------+-------------------------------------------
     0 | D:1      | lunkers the Octopode Ice Elementalist began the quest for
                  | the Orb.
     0 | D:1      | Reached XP level 1. HP: 11/11 MP: 3/3
   396 | D:1      | Reached XP level 2. HP: 17/17 MP: 1/5
  1237 | D:2      | Noticed Terence
  1401 | D:2      | Reached XP level 3. HP: 5/21 MP: 2/6
  1678 | D:2      | Noticed Robin
  1724 | D:1      | Killed Robin
  1760 | D:1      | Learned a level 3 spell: Frozen Ramparts
  1764 | D:1      | Learned a level 3 spell: Ozocubu's Armour
  1820 | D:1      | Reached skill level 5 in Ice Magic
  2270 | D:2      | Reached XP level 4. HP: 27/27 MP: 5/8
  2420 | D:2      | Killed Terence
  2858 | D:3      | Reached XP level 5. HP: 23/31 MP: 5/9
  3226 | D:3      | Found a transporter.
  3240 | D:3      | Found a transporter.
  3266 | D:3      | Found a basalt altar of Yredelemnul.
  3288 | D:3      | Noticed Menkaure
  3291 | D:3      | Found an ancient bone altar of Kikubaaqudgha.
  3418 | D:3      | Found a sacrificial altar of Ru.
  3862 | D:4      | Noticed an ogre
  3866 | D:4      | Slain by an ogre

Illustrated notes

Levels and vault maps discovered:
D:1:      minmay_arrival_stone_box, layout_loops_ring, chequers_mini_garden
D:2:      layout_basic, kennysheep_generic_room_5, uniq_terence, uniq_robin
D:3:      layout_loops_corners, gammafunk_temple_of_torment,
          nicolae_ru_awakened_eye
D:4:      layout_loops_ring, lemuel_doored_altar,
          minmay_overflow_temple_star_hex

Skill      XL: |  1  2  3  4 |
---------------+-------------+-----
Ice Magic      | 5 |  5.7
Spellcasting   | 3 |  3.2
Dodging        | |  2.0
Stealth        | |  2.6

Action                   |  1- 3 |  4- 6 || total
-------------------------+-------+-------++-------
Melee: Dagger            |     5 |     4 ||     9
       Constrict         |       |     1 ||     1
       Tentacles         |       |     1 ||     1
 Cast: Freeze            |    48 |    24 ||    72
       Frozen Ramparts   |     1 |     2 ||     3
Armor: Skin              |     2 |     1 ||     3
Dodge: Dodged            |    34 |    13 ||    47

Table legend: (Time is in decaauts)
 A = Elapsed time spent in this place.
 B = Non-inter-level travel time spent in this place.
 C = Inter-level travel time spent in this place.
 D = Time resting spent in this place.
 E = Time spent auto-exploring this place.
 F = Levels seen in this place.
 G = Mean time per level.
                   A        B        C        D        E       F      G
               +--------+--------+--------+--------+--------+-----+--------+
         Total |   3865 |   3749 |    116 |     29 |   3279 |   4 |  966.2 |
       Dungeon |   3865 |   3749 |    116 |     29 |   3279 |   4 |  966.2 |
               +--------+--------+--------+--------+--------+-----+--------+

Top non-repeatable levels by time:
     D:2: 1354 daAuts
     D:1: 1296 daAuts
     D:3: 1069 daAuts
     D:4: 145 daAuts
